 Dungeon Crawl Stone Soup version 0.29.1-1-gd02db6906a (webtiles) character file.

Game seed: 15670145748197095525

2006 LabCoat the Cleaver (level 9, 0/66 (78) HPs)
             Began as a Hill Orc Fighter on Sept 25, 2022.
             Slain by a wight
             ... wielding a +2 dire flail of draining
              (13 damage)
             ... on level 6 of the Dungeon.
             The game lasted 00:16:16 (6204 turns).

LabCoat the Cleaver (Hill Orc Fighter)              Turns: 6204, Time: 00:16:17

HP:   0/66 (78)     AC: 13    Str: 23    XL:     9   Next: 22%
MP:   9/9           EV:  6    Int:  8    God:
Gold: 305           SH:  5    Dex: 10    Spells: 8/8 levels left

rFire   . . .      SeeInvis .   a - +0 war axe
rCold   + . .      Faith    .   c - +0 buckler
rNeg    . . .      Spirit   .   z - +0 plate armour
rPois   .          Reflect  .   (no helmet)
rElec   .          Harm     .   (no cloak)
rCorr   .          Rampage  .   o - +0 pair of gloves
Will    .....                   (no boots)
Stlth   ..........              (no amulet)
HPRegen 0.21/turn               p - ring of protection from cold
MPRegen 0.11/turn               h - +4 ring of slaying

@: mighty, heavily drained
A: no striking features
a: no special abilities


You were on level 6 of the Dungeon.
You visited 2 branches of the dungeon, and saw 7 of its levels.

You collected 305 gold pieces.

Inventory:

Hand Weapons
 a - a +0 war axe (weapon)
 w - a +0 flail of holy wrath
Missiles
 b - 2 boomerangs (quivered)
 j - 11 poisoned darts
 n - 4 javelins
Armour
 c - a +0 buckler (worn)
 o - a +0 pair of gloves (worn)
 z - a +0 plate armour (worn)
Jewellery
 h - a +4 ring of slaying (right hand)
 p - a ring of protection from cold (left hand)
Wands
 u - a wand of digging (4)
 v - a wand of charming (7)
Scrolls
 m - 2 scrolls of poison
 x - 2 scrolls of amnesia
Potions
 e - a potion of attraction {unknown}
 f - 3 potions of heal wounds {unknown}
 g - 2 potions of curing {unknown}
 i - a potion of haste {unknown}
 k - 3 potions of brilliance {unknown}
 l - a potion of flight {unknown}
 q - 2 potions of lignification {unknown}
 s - a potion of degeneration {unknown}
 t - a potion of berserk rage {unknown}
 A - a potion of mutation {unknown}


   Skills:
 + Level 6.4 Fighting
 * Level 8.8 Axes
 + Level 3.7 Throwing
 + Level 5.9 Armour
 + Level 5.8 Shields
 + Level 4.1 Evocations


You had 8 spell levels left.
You didn't know any spells.
Your spell library contained the following spells:

 Spells                   Type           Power      Damage    Failure   Level
 Summon Small Mammal      Summ           0%         N/A       100%        1
 Sublimation of Blood     Necr           0%         N/A       100%        2
 Wereblood                Tmut           0%         N/A       100%        2
 Call Canine Familiar     Summ           0%         N/A       100%        3
 Ignite Poison            Fire/Tmut/Pois 0%         N/A       100%        3
 Mephitic Cloud           Conj/Pois/Air  0%         N/A       100%        3
 Summon Guardian Golem    Hex/Summ       0%         N/A       100%        3
 Freezing Cloud           Conj/Ice/Air   0%         6-21      100%        5
 Summon Hydra             Summ           0%         N/A       100%        7


Dungeon Overview and Level Annotations

Branches:
Dungeon (6/15)             Temple (1/1) D:4

Altars:
Ashenzari
Cheibriados
Dithmenos
Elyvilon
Fedhas
Gozag
Hepliaklqana
Nemelex Xobeh
Okawaru
Qazlal
Ru
Sif Muna
Uskayaw
Vehumet
Wu Jian
Yredelemnul
Zin
The Shining One

Shops:
D:1 =

Annotations:
D:3 Ghost!, bogdani's ghost, amateur HOBe
D:6 2 runed translucent doors, glosham's ghost, novice SpAE


Message History

A wight comes into view.
It is wielding a +0 halberd. 2 wights come into view.
The wight closely misses you.
The wight hits you with a +2 dire flail of draining!
You feel drained. x2
You slash the wight!
The wight is severely damaged.
You hit the wight but do no damage. The wight barely misses you.
You block the wight's attack. The wight hits you with a +0 scimitar.
You feel drained. You block the wight's attack.
The wight hits you with a +0 halberd.
You closely miss the wight. You hit the wight. You barely miss the wight.
You hit the wight but do no damage. You block the wight's attack.
The wight hits you but does no damage.
The wight hits you with a +2 dire flail of draining.
You feel drained. x2; The wight hits you with a +0 halberd.
You slice the wight!!
You destroy the wight!
You hit the wight. You barely miss the wight. You hit the wight.
You closely miss the wight.
The wight hits you with a +0 great sword.
You block the wight's attack. x2; The wight hits you with a +0 scimitar.
You feel drained.
You hit the wight.
The wight is almost destroyed.
You hit the wight but do no damage. You hit the wight. x2
You block the wight's attack. The wight closely misses you.
The wight hits you with a +2 dire flail of draining!
You feel drained. x2; The wight hits you with a +0 scimitar!
* * * LOW HITPOINT WARNING * * *
You feel very mighty all of a sudden. The wight barely misses you.
The wight hits you but does no damage. x2
You feel drained. The wight hits you with a +0 scimitar.
* * * LOW HITPOINT WARNING * * *
You closely miss the wight.
The wight is moderately damaged.
You closely miss the wight. You slash the wight! You hit the wight.
The wight closely misses you. The wight barely misses you.
The wight hits you with a +2 dire flail of draining!
You die...

######### #.......#
########## #.......#
#........# #..../..#
#........# ###.......#
#........# ......z)z.#
#........# .......@z.#
##........# ........z.#
#.........# ..........#
#.........#
..........####.........#
..........#............#
............######......
.....#.#..#.########......
###....#......†......#......
.).......####.######........


You could see 4 wights.

Vanquished Creatures
  Pikel (D:5)
  Eustachio (D:5)
  Menkaure (D:5)
  Duvessa (D:5)
  An orc warrior (D:6)
  A phantom (D:5)
  Blork the orc (D:5)
  A necrophage (D:6)
  3 scorpions
  A wight (D:6)
  Dowan (D:5)
  A howler monkey (D:5)
  3 jellies
  3 hounds (D:6)
  3 orc priests (D:6)
  2 iguanas
  Ijyb (D:3)
  Natasha (twice) (D:3)
  An orc wizard (D:6)
  8 adders
  A shadow imp (D:6)
  A white imp (D:5)
  2 worms
  A dart slug (D:4)
  9 orcs
  4 ball pythons
  4 bats
  6 endoplasms
  7 goblins
  2 hobgoblins
  4 jackals (D:4)
  8 kobolds
  3 quokkas
  4 frilled lizards
  8 rats
101 creatures vanquished.

Vanquished Creatures (others)
  3 plants (D:1)
3 creatures vanquished.

Grand Total: 104 creatures vanquished

Notes
Turn   | Place    | Note
-------+----------+-------------------------------------------
     0 | D:1      | LabCoat the Hill Orc Fighter began the quest for the Orb.
     0 | D:1      | Reached XP level 1. HP: 19/19 MP: 1/1
    82 | D:1      | Found Kefoteh's Jewellery Emporium.
   330 | D:1      | Reached skill level 3 in Axes
   330 | D:1      | Reached XP level 2. HP: 24/27 MP: 2/2
   361 | D:1      | Found a faded altar of an unknown god.
  1024 | D:2      | Reached XP level 3. HP: 33/33 MP: 3/3
  1024 | D:2      | Found a radiant altar of Vehumet.
  1834 | D:3      | Found a runed translucent door.
  1843 | D:3      | Noticed bogdani's ghost (amateur HOBe)
  1850 | D:3      | Reached XP level 4. HP: 30/40 MP: 4/4
  1964 | D:3      | Reached skill level 1 in Evocations
  2015 | D:3      | Reached skill level 1 in Throwing
  2176 | D:4      | Found a staircase to the Ecumenical Temple.
  2203 | D:4      | Reached skill level 4 in Axes
  2220 | Temple   | Entered the Ecumenical Temple
  2443 | D:3      | Noticed Natasha
  2455 | D:3      | Killed Natasha
  2790 | D:3      | Reached XP level 5. HP: 46/46 MP: 5/5
  2885 | D:3      | Found a blossoming altar of Fedhas.
  2885 | D:3      | Noticed Natasha
  2893 | D:3      | Killed Natasha
  3261 | D:3      | Noticed Ijyb
  3269 | D:3      | Killed Ijyb
  3352 | D:4      | Found a shimmering blue altar of Sif Muna.
  3386 | D:4      | Reached XP level 6. HP: 47/53 MP: 6/6
  3690 | D:4      | Reached skill level 5 in Axes
  3902 | D:5      | Entered Level 5 of the Dungeon
  4089 | D:5      | Noticed Menkaure
  4097 | D:5      | Killed Menkaure
  4098 | D:5      | Reached XP level 7. HP: 19/60 MP: 7/7
  4452 | D:5      | Noticed Eustachio
  4452 | D:5      | Noticed Blork the orc
  4565 | D:5      | Noticed Pikel
  4572 | D:5      | Killed Pikel
  4573 | D:5      | Reached skill level 5 in Fighting
  4573 | D:5      | Reached skill level 6 in Axes
  4573 | D:5      | Reached skill level 5 in Armour
  4573 | D:5      | Reached XP level 8. HP: 55/69 MP: 8/8
  4577 | D:5      | Reached skill level 7 in Axes
  4577 | D:5      | Reached skill level 5 in Shields
  4678 | D:5      | Noticed Dowan
  4679 | D:5      | Noticed Duvessa
  4687 | D:5      | Killed Dowan
  4692 | D:5      | Killed Duvessa
  5419 | D:5      | Killed Blork the orc
  5432 | D:5      | Killed Eustachio
  5433 | D:5      | Reached skill level 8 in Axes
  5728 | D:6      | Reached XP level 9. HP: 75/75 MP: 9/9
  6106 | D:6      | Found a large runed translucent door.
  6106 | D:6      | Found a large runed translucent door.
  6107 | D:6      | Noticed glosham's ghost (novice SpAE)
  6204 | D:6      | Slain by a wight

Illustrated notes

Levels and vault maps discovered:
D:1:      dpeg_arrival_court, layout_basic, serial_shops, nicolae_square_shop,
          shapermc_ecumenical_altar_hornbeckon, minmay_misc_feat_four_crosses,
          minmay_splitting_lines
D:2:      layout_rooms, basic_altar
D:3:      layout_basic, mainiacjoe_overflow_surrounded_room,
          ebering_ghost_sewer_d, uniq_natasha, uniq_ijyb
D:4:      layout_loops_cross, mainiacjoe_overflow_alcove_1,
          minmay_temple_entry_mist
D:5:      layout_loops_corners, uniq_duvessa, uniq_pikel, uniq_eustachio,
          uniq_menkaure, uniq_blork_the_orc
D:6:      layout_rooms, kiku_gazebo_pond_becter, mainiacjoe_overflow_alcove_2,
          ebering_ghost_disaster_area
Temple:   nicolae_temple_elliptical

Skill      XL: |  1  2  3  4  5  6  7  8  9 |
---------------+----------------------------+-----
Axes           | 3 4 5 6 8 |  8.8
Fighting       | 4 5 6 |  6.4
Evocations     | 1 2 3 4 |  4.1
Throwing       | 1 2 3 |  3.7
Armour         | 4 5 |  5.9
Shields        | 4 5 |  5.8

Action                   |  1- 3 |  4- 6 |  7- 9 || total
-------------------------+-------+-------+-------++-------
Melee: War axe           |    82 |    99 |   103 ||   284
Throw: Dart              |    25 |    19 |       ||    44
       Boomerang         |     2 |       |     5 ||     7
  Use: Scroll            |     3 |     4 |     4 ||    11
       Potion            |       |     1 |     2 ||     3
 Stab: Invisible         |       |       |     2 ||     2
Armor: Scale mail        |    41 |    38 |       ||    79
       Chain mail        |       |       |    38 ||    38
       Plate armour      |       |       |     9 ||     9
Dodge: Dodged            |    40 |    40 |    32 ||   112
Block: Buckler           |    23 |    24 |    30 ||    77
